 Dungeon Crawl Stone Soup version 0.24-a0-584-g9d6b971 (webtiles) character file.

Game seed: 5755738191763022728, levelgen mode: deterministic

509 silenth the Grave Robber (level 6, -4/41 HPs)
             Began as a Mummy Necromancer on Sept 2, 2019.
             Killed from afar by an orc wizard (12 damage)
             ... with a puff of flame
             ... on level 3 of the Dungeon.
             The game lasted 00:04:43 (3187 turns).

silenth the Grave Robber (Mummy Necromancer)        Turns: 3187, Time: 00:04:44

Health: -4/41      AC:  3    Str: 11    XL:     6   Next: 98%
Magic:  1/14       EV: 12    Int: 16    God:
Gold:   250        SH:  2    Dex: 13    Spells: 7/16 levels left

rFire    x . .     SeeInvis .   j - +2 short sword (drain)
rCold    + . .     Gourm    .   (no shield)
rNeg     + + +     Faith    .   a - +0 robe
rPois    ∞         Spirit   .   b - +0 helmet
rElec    .         Reflect  +   (no cloak)
rCorr    .         Harm     .   (no gloves)
MR       .....                  (no boots)
Stlth    ++........             i - +2 amulet of reflection
HPRegen  0.13/turn              (no ring)
MPRegen  0.14/turn              (no ring)

@: no status effects
A: no food or potions, fire vulnerability, cold resistance 1, negative energy
resistance 3, torment resistance, unbreathing
a: no special abilities


You were on level 3 of the Dungeon.
You were not hungry.

You visited 1 branch of the dungeon, and saw 4 of its levels.

You collected 250 gold pieces.

Inventory:

Hand Weapons
 d - a +0 spear
 j - a +2 short sword of draining (weapon)
Armour
 a - a +0 robe (worn)
 b - a +0 helmet (worn)
Magical Staves
 g - an uncursed staff of conjuration
Jewellery
 i - a +2 amulet of reflection (around neck)
 l - an uncursed amulet of harm {unknown}
Scrolls
 c - 3 scrolls of teleportation {unknown}
 e - 5 scrolls of identify {unknown}
 f - a scroll of amnesia {unknown}
 h - 2 scrolls of remove curse {unknown}
 k - a scroll of magic mapping {unknown}


   Skills:
 - Level 1.5 Dodging
 - Level 1.5 Stealth
 + Level 5.6 Spellcasting
 * Level 7.3 Necromancy


You had 7 spell levels left.
You knew the following spells:

 Your Spells              Type           Power        Failure   Level  Hunger
a - Pain                  Necr           ####         1%          1    N/A
b - Animate Skeleton      Necr           N/A          1%          1    N/A
c - Vampiric Draining     Necr           ####......   2%          3    N/A
d - Animate Dead          Necr           N/A          7%          4    N/A

Your spell library contained the following spells:

 Spells                   Type           Power        Failure   Level  Hunger
 Regeneration             Chrm/Necr      Unusable     N/A         3    N/A

Dungeon Overview and Level Annotations

Branches:
Dungeon (4/15)
 Temple: D:4-7

Altars:
Gozag
Qazlal
Trog

Shops:
D:2 *

Annotations:
D:3 2 transporters


Innate Abilities, Weirdness & Mutations

You do not eat or drink.
Your flesh is vulnerable to fire.
You are immune to poison.
Your flesh is cold resistant. (rC+)
You are immune to negative energy. (rN+++)
You are immune to unholy pain and torment.
You can survive without breathing.


Message History

An orc wizard opens the door.
You see here a +0 giant spiked club.
Casting: Vampiric Draining (safe; 2% risk of failure)
Confirm with . or Enter, or press ? or * to list all spells.
Aiming: Vampiric Draining (safe; 2% risk of failure)
Press: ? - help, Shift-Dir - straight line, f/p - worker ant
Aim: a worker ant (almost dead)
You kill the worker ant!
You hit the orc wizard.
The orc wizard is lightly wounded.
You block the orc wizard's attack.
You hit the orc wizard but do no damage.
The orc wizard is lightly wounded.
The orc wizard barely misses you.
You hit the orc wizard but do no damage.
You drain the orc wizard.
The orc wizard is moderately wounded.
The orc wizard gestures at you while chanting.
The puff of flame hits you! The fire burns you terribly!
You die...

#.#..........'.....
#.#....!######.....
#.###>.......'.....
#.# ##########.....
#.# #..... #)#
###.#### #.# #...#
# #o##########.###
# #.@...[......# #
############## # #
# #### #... #.##
###+## #.....


You could see an orc wizard.

Vanquished Creatures
  An ogre (D:3)
  A centaur (D:4)
  An orc priest (D:3)
  A hound (D:3)
  An orc wizard (D:3)
  3 worker ants
  Robin (D:1)
  8 adders
  3 worms
  6 orcs (D:3)
  A ball python (D:1)
  7 bats
  16 goblins
  11 hobgoblins
  2 frilled lizards
  11 kobolds
  7 rats
81 creatures vanquished.

Vanquished Creatures (collateral kills)
  An orc priest (D:4)
  A quokka (D:4)
2 creatures vanquished.

Vanquished Creatures (others)
  A leopard gecko (D:4)
1 creature vanquished.

Grand Total: 84 creatures vanquished

Notes
Turn   | Place    | Note
-------+----------+-------------------------------------------
     0 | D:1      | silenth the Mummy Necromancer began the quest for the Orb.
     0 | D:1      | Reached XP level 1. HP: 13/13 MP: 4/4
   173 | D:1      | Reached skill level 3 in Spellcasting
   254 | D:1      | Reached XP level 2. HP: 19/19 MP: 4/6
   260 | D:1      | Learned a level 1 spell: Animate Skeleton
   712 | D:2      | Reached XP level 3. HP: 12/24 MP: 1/7
   914 | D:2      | Reached skill level 5 in Necromancy
  1036 | D:2      | Noticed Robin
  1040 | D:2      | Reached XP level 4. HP: 30/30 MP: 4/9
  1117 | D:1      | Killed Robin
  1301 | D:2      | Reached skill level 4 in Spellcasting
  1449 | D:2      | Found an opulent altar of Gozag.
  1452 | D:2      | Found Gozag's Platinum Reserve.
  1761 | D:2      | Reached XP level 5. HP: 34/35 MP: 8/11
  2054 | D:3      | Found a stormy altar of Qazlal.
  2306 | D:2      | Learned a level 3 spell: Vampiric Draining
  2311 | D:2      | Learned a level 4 spell: Animate Dead
  2323 | D:3      | Reached skill level 6 in Necromancy
  2565 | D:3      | Found a transporter.
  2565 | D:3      | Noticed a black bear
  2569 | D:3      | Found a transporter.
  2573 | D:3      | Noticed a sky beast
  2602 | D:3      | Found a bloodstained altar of Trog.
  2606 | D:3      | Noticed a manticore
  2842 | D:4      | Noticed an ogre
  2845 | D:4      | Noticed a centaur
  2878 | D:3      | Killed an ogre
  2878 | D:3      | Reached skill level 5 in Spellcasting
  2878 | D:3      | Reached XP level 6. HP: 25/41 MP: 2/13
  3017 | D:3      | Reached skill level 7 in Necromancy
  3187 | D:3      | Killed from afar by an orc wizard

Levels and vault maps discovered:
D:1:      lemuel_arrival_river_ford, layout_rooms
D:2:      layout_basic, nicolae_gozag_zags_fifth_avenue, uniq_robin
D:3:      layout_basic, gammafunk_temple_overflow_arena,
          overflow_temple_1_default
D:4:      layout_cave_pools, dancing_weapons_uskayaw, xom_confusion_cloud,
          first_ration

Skill      XL: |  1  2  3  4  5  6 |
---------------+-------------------+-----
Spellcasting   | 3 4 5 |  5.6
Necromancy     | 5 6 7 |  7.3
Dodging        | |  1.5
Stealth        | |  1.5

Action                   |  1- 3 |  4- 6 || total
-------------------------+-------+-------++-------
Melee: Spear             |    32 |    14 ||    46
       Unarmed           |     5 |       ||     5
       Short sword       |       |    23 ||    23
 Cast: Pain              |    60 |    92 ||   152
       Animate Skeleton  |     1 |     2 ||     3
       Vampiric Draining |       |    14 ||    14
       Animate Dead      |       |     1 ||     1
Armor: Robe              |     8 |    11 ||    19
Dodge: Dodged            |    28 |    62 ||    90
Block: Other             |       |    11 ||    11

Table legend:
 A = Non-vault XP
 B = Vault XP
 C = Vault XP percentage of total XP
 D = Non-vault monster count
 E = Vault monster count
 F = Vault count percentage of total count
                 A         B        C        D         E       F
            +---------+---------+-------+---------+---------+-------
      Total |     627 |     101 |  13.9 |      69 |      14 |  16.9
            +---------+---------+-------+---------+---------+-------
        D:1 |      37 |      15 |  28.8 |      21 |       1 |   4.5
        D:2 |     146 |      21 |  12.6 |      25 |      11 |  30.6
        D:3 |     301 |      33 |   9.9 |      20 |       1 |   4.8
        D:4 |     143 |      32 |  18.3 |       3 |       1 |  25.0
            +---------+---------+-------+---------+---------+-------
